 Dungeon Crawl Stone Soup version 0.20-a0-277-g7db01f4 (webtiles) character file.

16 gamerape the Sneak (level 2, 0/19 HPs)
             Began as an Octopode Assassin on Dec 11, 2016.
             Slain by a leopard gecko (3 damage)
             ... on level 2 of the Dungeon.
             The game lasted 00:01:34 (662 turns).

gamerape the Sneak (Octopode Assassin)               Turns: 662, Time: 00:01:35

Health: 0/19       AC:  1    Str: 10    XL:     2   Next: 58%
Magic:  2/2        EV: 13    Int: 13    God:
Gold:   31         SH:  0    Dex: 13    Spells: 1/1 levels left

rFire  . . .     SeeInvis .     a - +2 dagger
rCold  . . .     Gourm    .     (no shield)
rNeg   . . .     Faith    .     (helmet restricted)
rPois  .         Spirit   .     e - amulet of rage
rElec  .         Reflect  .     (no ring)
rCorr  .         Harm     .     (no ring)
MR     .....                    (no ring)
Stlth  ++++......               (no ring)
                                (no ring)
                                (no ring)
                                (no ring)
                                (no ring)

@: lethally poisoned (0 -> -12)
A: almost no armour, stealthy swim, amphibious, 8 rings, constrict 8, camouflage
1, gelatinous body 1
a: Evoke Berserk Rage


You were on level 2 of the Dungeon.
You were not hungry.

You visited 1 branch of the dungeon, and saw 2 of its levels.

You collected 31 gold pieces.

Inventory:

Hand Weapons
 a - a +2 dagger (weapon)
 b - a +0 blowgun
Missiles
 c - 5 poisoned needles
 d - 2 curare-tipped needles
Jewellery
 e - an amulet of rage (around mantle)
 o - a +3 ring of slaying {unknown}
Scrolls
 g - a scroll of enchant weapon {unknown}
 h - a scroll of identify {unknown}
 k - a scroll of remove curse {unknown}
 m - 2 scrolls of teleportation {unknown}
Potions
 i - 2 potions of curing {unknown}
 j - a potion of cure mutation {unknown}
 n - a potion of lignification {unknown}
 p - a potion of heal wounds {unknown}
Comestibles
 f - 2 bread rations
 l - a beef jerky


   Skills:
 + Level 2.1 Fighting
 + Level 2.0 Short Blades
 + Level 2.0 Throwing
 + Level 1.0 Dodging
 + Level 6.2 Stealth


You had one spell level left.
You didn't know any spells.

Dungeon Overview and Level Annotations

Branches:
Dungeon (2/15)

Altars:


Innate Abilities, Weirdness & Mutations

You cannot wear most types of armour.
You are very stealthy in the water. (Stealth+)
You are amphibious.
You can wear up to eight rings at the same time.
You can use your tentacles to constrict eight enemies at once.
Your skin changes colour to match your surroundings (Stealth+).
Your rubbery body absorbs attacks. (AC +1, EV +1)


Message History

The adder is poisoned.
The adder bites you.
Found 22 stones.
The adder bites you.
You are poisoned.
The adder poisons you!
a - a +2 dagger (weapon)
You feel sick. The leopard gecko closely misses you.
You open the door. The adder bites you. The leopard gecko closely misses you.
You feel sick. The adder closely misses you.
The leopard gecko completely misses you.
The adder bites you.
* * * LOW HITPOINT WARNING * * *
You are more poisoned.
The adder poisons you!
There is an open door here.
* * * LOW HITPOINT WARNING * * *
You feel sick.
You closely miss the leopard gecko. Your grab misses the leopard gecko.
The adder looks more healthy.
The leopard gecko bites you.
You die...

#......†...#
♣.♣#..........#
♣..........!..#
♣♣♣#..<..$....###
#..#.##(.....#
#.>..##(.....#
#..####......#
#..####......#
#....@lS.....#
#..####......#
#.. .......#
##......#
...#.### ##.###
(# .#


You could see an adder and a leopard gecko.

Vanquished Creatures
  A leopard gecko (D:1)
  A giant cockroach (D:1)
  2 goblins (D:1)
  3 hobgoblins (D:1)
  A bat (D:2)
  4 kobolds (D:1)
  3 rats
15 creatures vanquished.

Notes
Turn   | Place    | Note
-------+----------+-------------------------------------------
     0 | D:1      | gamerape the Octopode Assassin began the quest for the Orb.
     0 | D:1      | Reached XP level 1. HP: 14/14 MP: 1/1
   112 | D:1      | Reached XP level 2. HP: 19/19 MP: 2/2
   362 | D:1      | Reached skill level 6 in Stealth
   662 | D:2      | Slain by a leopard gecko

Vault maps used:
D:1:      ncdulo_halloftheorcs
D:2:      kb_forest_paths, grunt_temple_overflow_open, first_bread,
          minmay_nonomino_d4

Skill      XL: |  1  2 |
---------------+-------+-----
Stealth        | 6 |  6.2
Fighting       | |  2.1
Short Blades   | |  2.0
Throwing       | |  2.0
Dodging        | |  1.0

Action                   || total
-------------------------++-------
Melee: Dagger            ||    21
       Constrict         ||     2
 Fire: Blowgun           ||     3
 Stab: Sleeping          ||    10
Dodge: Dodged            ||    11
